 Dungeon Sprint DCSS version 0.30-a0-310-g7d6cbdfea6 (webtiles) character file.

Game seed: 17067473766747555191

2994 garrulousMonolith the Blocker (level 9, -1/79 HPs)
             Began as a Gnoll Fighter on Oct 24, 2022.
             Was a Believer of Yredelemnul.
             Slain by a hellwing (2 damage)
             ... in the Dungeon (Sprint VII: "The Pits").
             The game lasted 00:03:37 (1244 turns).

garrulousMonolith the Blocker (Gnoll Fighter)       Turns: 1244, Time: 00:03:37

Health: -1/79      AC: 19    Str: 17    XL:     9   Next: 83%
Magic:  19/21      EV: 14    Int: 15    God:    Yredelemnul [**....]
Gold:   0          SH:  6    Dex: 11    Spells: 24/24 levels left

rFire   . . .      SeeInvis .    t - +1 broad axe "Kacribb" {freeze, Int+4}
rCold   . . .      Faith    .    c - +0 buckler
rNeg    . . .      Spirit   .    w - +3 plate armour
rPois   .          Reflect  .    (no helmet)
rElec   .          Harm     .    (no cloak)
rCorr   .          Rampage  .    (no gloves)
Will    .....      NoTele   +    v - +0 pair of boots
Stlth   ..........               (no amulet)
HPRegen 0.33/turn                e - +3 ring of evasion
MPRegen 0.17/turn                q - +3 ring of evasion

@: no status effects
A: fangs 1, strong nose, distributed training
a: Renounce Religion, Recall Undead Harvest, Dark Bargain


You were in the Dungeon.
You worshipped Yredelemnul.
Yredelemnul was aware of your devotion.
You visited 1 branch

Inventory:

Hand Weapons
 a - a +2 dagger of venom
 p - a +2 vorpal trident
 t - the +1 broad axe "Kacribb" (weapon) {freeze, Int+4}
   (You found it in the Dungeon)

   It freezes those it strikes, dealing additional cold damage.
   It can also slow down cold-blooded creatures.
   Int:       It affects your intelligence (+4).
 x - a +2 rapier of electrocution
Missiles
 k - 4 curare-tipped darts (quivered)
Armour
 c - a +0 buckler (worn)
 u - a +4 chain mail
 v - a +0 pair of boots (worn)
 w - a +3 plate armour (worn)
Jewellery
 e - a +3 ring of evasion (left hand)
 q - a +3 ring of evasion (right hand)
Scrolls
 j - a scroll of blinking
 m - 5 scrolls of amnesia
 n - a scroll of summoning
Potions
 d - a potion of might
 f - 14 potions of heal wounds
 g - a potion of haste
 h - 4 potions of magic
 i - 4 potions of berserk rage
 l - 2 potions of invisibility
 r - a potion of brilliance
 s - 2 potions of curing


   Skills:
 + Level 10.7 Fighting
 + Level 8.4 Short Blades
 + Level 8.4 Long Blades
 + Level 8.4 Axes
 + Level 8.4 Maces & Flails
 + Level 9.7 Polearms
 + Level 8.4 Staves
 + Level 8.4 Ranged Weapons
 + Level 8.4 Throwing
 + Level 10.7 Armour
 + Level 8.4 Dodging
 + Level 8.4 Stealth
 + Level 10.7 Shields
 + Level 8.4 Unarmed Combat
 + Level 8.4 Spellcasting
 + Level 7.0 Conjurations
 + Level 7.0 Hexes
 + Level 7.0 Summonings
 + Level 7.0 Necromancy
 + Level 7.0 Translocations
 + Level 7.0 Transmutations
 + Level 7.0 Fire Magic
 + Level 7.0 Ice Magic
 + Level 7.0 Air Magic
 + Level 7.0 Earth Magic
 + Level 7.0 Poison Magic
 + Level 9.2 Invocations
 + Level 8.4 Evocations


You had 24 spell levels left.
You didn't know any spells.
Your spell library was empty.

Dungeon Overview and Level Annotations

Branches:
Dungeon (1/1)

Altars:
Ashenzari
Cheibriados
Dithmenos
Elyvilon
Fedhas
Gozag
Hepliaklqana
Kikubaaqudgha
Makhleb
Nemelex Xobeh
Okawaru
Qazlal
Ru
Sif Muna
Trog
Uskayaw
Vehumet
Wu Jian
Xom
Yredelemnul
Zin
The Shining One
Jiyva
Lugonu


Innate Abilities, Weirdness & Mutations

You have very sharp teeth.
Your uncanny sense of smell can sniff out nearby items.
Your experience applies equally to all skills.


Message History

Your Necromancy skill increases to level 7!
Your Translocations skill increases to level 7!
Your Transmutations skill increases to level 7!
Your Fire Magic skill increases to level 7!
Your Ice Magic skill increases to level 7!
Your Air Magic skill increases to level 7!
Your Earth Magic skill increases to level 7!
Your Poison Magic skill increases to level 7!
You hit the hellwing but do no damage.
The hellwing is lightly wounded.
You closely miss the orc. x2; You slash the yak!
You freeze the yak.
You kill the yak!
The orc misses you. The yak gores your orc zombie!
Your orc zombie is destroyed!
The orc hits you with a +2 vorpal hand axe.
The orc knight hits you from afar with a +0 halberd!!
The hellwing completely misses you. The hellwing misses you.
Your bog body casts a spell at the hellwing.
The bolt of cold hits the orc!!!
The orc dies!
The bolt of cold hits the hellwing.
The bolt of cold hits the orc knight!!
The yak bellows!
You barely miss the orc. You hit the hellwing but do no damage.
You slash the orc! You freeze the orc.
You kill the orc!
The orc knight barely misses you.
The hellwing hits you but does no damage.
The hellwing misses you.
You barely miss the hellwing.
The hellwing is lightly wounded.
You slash the yak! You freeze the yak.
The orc knight hits you from afar with a +0 halberd!
* * * LOW HITPOINT WARNING * * *
You block the hellwing's attack. The hellwing closely misses you.
Your bog body closely misses the hellwing.
The orc knight hits you from afar with a +0 halberd!
* * * LOW HITPOINT WARNING * * *
The yak closely misses you. The hellwing hits you.
You die...
Your body rises from the dead as a mindless zombie.

###'#####''######
.......##''#####
.......##......#
.......##......#
...<...###....## ###
.......# ##''## ##..+
.......###....###....#
.......##......#Zo..#
#########.....ZZ@Y..+
#########.....Z#n4..#
..#..[.###....###)o..#
..#....# ##''## ##..+
..'...)# #....# ###
..#..))##....).#
..#...)##......#
################


You could see an orc knight, a hellwing (ally target), a yak, an orc (strong), a
friendly bog body (summoned), a friendly basilisk zombie, a friendly bat zombie,
a friendly warg zombie and a friendly spriggan zombie.

Vanquished Creatures
  Sonja (D)
  A hornet (D)
  A spriggan (D)
  A fire bat (D)
  A yak (D)
  A warg (D)
  Pargi (D)
  An ogre (D)
  A phantom (D)
  A jelly (D)
  A quasit (D)
  An iron imp (D)
  An orc wizard (D)
  4 adders (D)
  A river rat (D)
  An orc (D)
  3 jackals (D)
  2 bats (D)
  A frilled lizard (D)
25 creatures vanquished.

Vanquished Creatures (collateral kills)
  A sixfirhy (D)
  A yak (D)
  2 basilisks (D)
  A water moccasin (D)
  A black bear (D)
  An ogre (D)
  An iron imp (D)
  A hell rat (D)
  An adder zombie (D)
  2 orcs (D)
  A hobgoblin (D)
  A bat (D)
14 creatures vanquished.

Vanquished Creatures (others)
  A fire bat zombie (D)
  A hornet zombie (D)
  A kobold zombie (D)
  A troll zombie (D)
  An ogre zombie (D)
  A spectral quasit (D)
  A spectral iron imp (D)
  3 adder zombies (D)
  A river rat zombie (D)
  3 jackal zombies (D)
  An orc zombie (D)
15 creatures vanquished.

Grand Total: 54 creatures vanquished

Notes
Turn   | Place    | Note
-------+----------+-------------------------------------------
     0 | D        | garrulousMonolith the Gnoll Fighter began the quest for the
                  | Orb.
     0 | D        | Reached XP level 1. HP: 23/23 MP: 1/1
    38 | D        | Found a glowing golden altar of the Shining One.
    38 | D        | Found a glowing silver altar of Zin.
    38 | D        | Found a basalt altar of Yredelemnul.
    38 | D        | Found a shimmering altar of Xom.
    38 | D        | Found an ornate altar of the Wu Jian Council.
    38 | D        | Found a bloodstained altar of Trog.
    38 | D        | Found a shimmering blue altar of Sif Muna.
    38 | D        | Found a sacrificial altar of Ru.
    38 | D        | Found a stormy altar of Qazlal.
    38 | D        | Found an iron altar of Okawaru.
    38 | D        | Found a sparkling altar of Nemelex Xobeh.
    38 | D        | Found a burning altar of Makhleb.
    38 | D        | Found a viscous altar of Jiyva.
    38 | D        | Found a hazy altar of Hepliaklqana.
    38 | D        | Found an opulent altar of Gozag.
    38 | D        | Found a blossoming altar of Fedhas.
    38 | D        | Found a white marble altar of Elyvilon.
    38 | D        | Found a shadowy altar of Dithmenos.
    38 | D        | Found a snail-covered altar of Cheibriados.
    39 | D        | Found a radiant altar of Vehumet.
    39 | D        | Found a corrupted altar of Lugonu.
    40 | D        | Found a hide-covered altar of Uskayaw.
    40 | D        | Found an ancient bone altar of Kikubaaqudgha.
    40 | D        | Found a broken altar of Ashenzari.
    44 | D        | Became a worshipper of Yredelemnul the Dark
    59 | D        | Reached skill level 1 in Short Blades
    59 | D        | Reached skill level 1 in Long Blades
    59 | D        | Reached skill level 1 in Axes
    59 | D        | Reached skill level 1 in Maces & Flails
    59 | D        | Reached skill level 1 in Staves
    59 | D        | Reached skill level 1 in Ranged Weapons
    59 | D        | Reached skill level 1 in Throwing
    59 | D        | Reached skill level 1 in Dodging
    59 | D        | Reached skill level 1 in Stealth
    59 | D        | Reached skill level 1 in Unarmed Combat
    59 | D        | Reached skill level 1 in Spellcasting
    59 | D        | Reached skill level 1 in Conjurations
    59 | D        | Reached skill level 1 in Hexes
    59 | D        | Reached skill level 1 in Summonings
    59 | D        | Reached skill level 1 in Necromancy
    59 | D        | Reached skill level 1 in Translocations
    59 | D        | Reached skill level 1 in Transmutations
    59 | D        | Reached skill level 1 in Fire Magic
    59 | D        | Reached skill level 1 in Ice Magic
    59 | D        | Reached skill level 1 in Air Magic
    59 | D        | Reached skill level 1 in Earth Magic
    59 | D        | Reached skill level 1 in Poison Magic
    59 | D        | Reached skill level 1 in Invocations
    59 | D        | Reached skill level 1 in Evocations
    59 | D        | Reached XP level 2. HP: 28/29 MP: 1/3
    98 | D        | Reached XP level 3. HP: 35/35 MP: 5/5
   107 | D        | Reached * piety under Yredelemnul
   108 | D        | Reached skill level 5 in Polearms
   160 | D        | Reached XP level 4. HP: 32/43 MP: 6/8
   269 | D        | Noticed an ogre
   269 | D        | Noticed a black bear
   270 | D        | Noticed Pargi
   280 | D        | Noticed a fire bat
   280 | D        | Killed a black bear
   281 | D        | Reached XP level 5. HP: 49/49 MP: 6/11
   287 | D        | Killed a fire bat
   288 | D        | Reached skill level 5 in Invocations
   288 | D        | Reached XP level 6. HP: 56/56 MP: 7/13
   298 | D        | Killed Pargi
   299 | D        | Reached skill level 5 in Short Blades
   299 | D        | Reached skill level 5 in Long Blades
   299 | D        | Reached skill level 5 in Axes
   299 | D        | Reached skill level 5 in Maces & Flails
   299 | D        | Reached skill level 5 in Staves
   299 | D        | Reached skill level 5 in Ranged Weapons
   299 | D        | Reached skill level 5 in Throwing
   299 | D        | Reached skill level 5 in Dodging
   299 | D        | Reached skill level 5 in Stealth
   299 | D        | Reached skill level 5 in Unarmed Combat
   299 | D        | Reached skill level 5 in Spellcasting
   299 | D        | Reached skill level 5 in Evocations
   299 | D        | Reached XP level 7. HP: 63/63 MP: 8/14
   511 | D        | Noticed Sonja
   542 | D        | Your ally Pargi died
   549 | D        | Killed Sonja
   550 | D        | Reached skill level 5 in Conjurations
   550 | D        | Reached skill level 5 in Hexes
   550 | D        | Reached skill level 5 in Summonings
   550 | D        | Reached skill level 5 in Necromancy
   550 | D        | Reached skill level 5 in Translocations
   550 | D        | Reached skill level 5 in Transmutations
   550 | D        | Reached skill level 5 in Fire Magic
   550 | D        | Reached skill level 5 in Ice Magic
   550 | D        | Reached skill level 5 in Air Magic
   550 | D        | Reached skill level 5 in Earth Magic
   550 | D        | Reached skill level 5 in Poison Magic
   550 | D        | Reached XP level 8. HP: 28/71 MP: 15/17
   789 | D        | Noticed a sixfirhy
   789 | D        | Noticed a hornet
   791 | D        | Your ally Sonja died
   798 | D        | Killed a hornet
   799 | D        | Reached XP level 9. HP: 39/78 MP: 18/20
   801 | D        | Killed a sixfirhy
   802 | D        | Reached ** piety under Yredelemnul
   802 | D        | Reached skill level 10 in Fighting
   802 | D        | Reached skill level 10 in Armour
   802 | D        | Reached skill level 10 in Shields
   971 | D        | Got the +1 broad axe "Kacribb" {freeze, Int+4}
  1115 | D        | Reached *** piety under Yredelemnul
  1119 | D        | Reached **** piety under Yredelemnul
  1233 | D        | Noticed a hellwing
  1233 | D        | Noticed an orc knight
  1244 | D        | HP: 1/79 [orc knight/+0 halberd (12)]
  1244 | D        | Slain by a hellwing

Illustrated notes

Levels and vault maps discovered:
D:        pitsprint [storerooms_1, entrance_room_1, metal_vault_2, armoury_1,
          mini_pit_1, grid_room_1, main_hall_1, silver_pit, the_coven_1,
          the_vestibule_1, steel_vault_1, golden_pit, hallway_of_sentries,
          crystal_vault_4, iron_vault_5, final_vault]

Skill      XL: |  1  2  3  4  5  6  7  8  9 |
---------------+----------------------------+-----
Short Blades   | 1 2 4 5 6 7 8 |  8.4
Long Blades    | 1 2 4 5 6 7 8 |  8.4
Axes           | 1 2 4 5 6 7 8 |  8.4
Maces & Flails | 1 2 4 5 6 7 8 |  8.4
Staves         | 1 2 4 5 6 7 8 |  8.4
Ranged Weapons | 1 2 4 5 6 7 8 |  8.4
Throwing       | 1 2 4 5 6 7 8 |  8.4
Dodging        | 1 2 4 5 6 7 8 |  8.4
Stealth        | 1 2 4 5 6 7 8 |  8.4
Unarmed Combat | 1 2 4 5 6 7 8 |  8.4
Spellcasting   | 1 2 4 5 6 7 8 |  8.4
Conjurations   | 1 2 3 4 5 6 7 |  7.0
Hexes          | 1 2 3 4 5 6 7 |  7.0
Summonings     | 1 2 3 4 5 6 7 |  7.0
Necromancy     | 1 2 3 4 5 6 7 |  7.0
Translocations | 1 2 3 4 5 6 7 |  7.0
Transmutations | 1 2 3 4 5 6 7 |  7.0
Fire Magic     | 1 2 3 4 5 6 7 |  7.0
Ice Magic      | 1 2 3 4 5 6 7 |  7.0
Air Magic      | 1 2 3 4 5 6 7 |  7.0
Earth Magic    | 1 2 3 4 5 6 7 |  7.0
Poison Magic   | 1 2 3 4 5 6 7 |  7.0
Invocations    | 1 2 3 4 5 7 8 9 |  9.2
Evocations     | 1 2 4 5 6 7 8 |  8.4
Polearms       | 5 6 7 8 9 |  9.7
Fighting       | 7 8 9 10 | 10.7
Armour         | 7 8 9 10 | 10.7
Shields        | 7 8 9 10 | 10.7

Action                   |  1- 3 |  4- 6 |  7- 9 || total
-------------------------+-------+-------+-------++-------
Melee: Trident           |    41 |    14 |    74 ||   129
       Bite              |     1 |       |     5 ||     6
       Broad axe         |       |       |    18 ||    18
Invok: Recall Undead Har |       |     1 |       ||     1
       Dark Bargain      |       |       |     1 ||     1
  Use: Potion            |       |       |     6 ||     6
 Stab: Distracted        |       |       |     1 ||     1
Armor: Scale mail        |    11 |       |       ||    11
       Plate armour      |       |     5 |    54 ||    59
Dodge: Dodged            |     7 |     3 |    51 ||    61
Block: Buckler           |     9 |     3 |    32 ||    44

Table legend: (Time is in decaauts)
 A = Elapsed time spent in this place.
 B = Non-inter-level travel time spent in this place.
 C = Inter-level travel time spent in this place.
 D = Time resting spent in this place.
 E = Time spent auto-exploring this place.
 F = Levels seen in this place.
 G = Mean time per level.
                   A        B        C        D        E       F      G
               +--------+--------+--------+--------+--------+-----+--------+
         Total |   1243 |   1243 |      0 |    719 |      0 |   1 | 1243.0 |
       Dungeon |   1243 |   1243 |      0 |    719 |      0 |   1 | 1243.0 |
               +--------+--------+--------+--------+--------+-----+--------+

Top non-repeatable levels by time:
       D: 1243 daAuts
